 Dungeon Crawl Stone Soup version 0.28.0-1-gb440e238dd (webtiles) character file.

Game seed: 5797788093004390357

3808 MacCMillion the Destroyer (level 10, -1/59 HPs)
             Began as a Gargoyle Conjurer on Feb 26, 2022.
             Was a Follower of Sif Muna.
             Slain by a freezing wraith (34 damage)
             ... led by a death knight
             ... on level 9 of the Dungeon on Feb 27, 2022.
             The game lasted 00:30:42 (10866 turns).

MacCMillion the Destroyer (Gargoyle Conjurer)      Turns: 10866, Time: 00:30:42

Health: -1/59      AC: 12    Str: 11    XL:     10   Next: 17%
Magic:  19/23      EV: 11    Int: 29    God:    Sif Muna [*.....]
Gold:   658        SH:  0    Dex:  8    Spells: 6/15 levels left

rFire   + . .      SeeInvis +   n - +5 dagger of Guile {freeze, SInv}
rCold   x . .      Faith    .   (no shield)
rNeg    + . .      Spirit   .   m - +1 robe "Vatzae" {Int+2}
rPois   ∞          Reflect  .   D - +0 helmet
rElec   +          Harm     .   (no cloak)
rCorr   .          Rampage  .   (no gloves)
Will    .....                   k - +0 pair of boots
Stlth   ++........              b - amulet of regeneration
HPRegen 0.99/turn               H - ring of magical power
MPRegen 0.18/turn               M - ring of the Little Devil {Fire Int+4}

@: about to teleport
A: sickness immunity, AC +7, negative energy resistance 1, electricity
resistance, torment resistance 1, petrification resistance
a: Renounce Religion, Channel Magic


You were on level 9 of the Dungeon.
You worshipped Sif Muna.
Sif Muna was aware of your devotion.
You visited 1 branch of the dungeon, and saw 9 of its levels.
You also visited: Ossuary.

You collected 658 gold pieces.

Inventory:

Hand Weapons
 h - a +0 dagger
 n - the +5 dagger of Guile (weapon) {freeze, SInv}
   (You found it on level 3 of the Dungeon)

   It freezes those it strikes, dealing additional cold damage.
   It can also slow down cold-blooded creatures.
   SInv:      It lets you see invisible.
Missiles
 A - 6 curare-tipped darts
Armour
 a - a +0 robe
 k - a +0 pair of boots (worn)
 m - the +1 robe "Vatzae" (worn) {Int+2}
   (You found it on level 3 of the Dungeon)

   Int:       It affects your intelligence (+2).
 r - an orb of light
 C - +0 acid dragon scales
 D - a +0 helmet (worn)
 N - a +0 pair of gloves
Jewellery
 b - an amulet of regeneration (around neck)
 f - a ring of protection from cold
 q - a +6 ring of strength
 x - a ring of see invisible
 F - a ring of protection from cold
 H - a ring of magical power (left hand)
 M - the ring of the Little Devil (right hand) {Fire Int+4}
   (You found it on level 8 of the Dungeon)

   [ring of fire]

   It enhances your fire magic.
   Int:       It affects your intelligence (+4).
   rF:        It protects you from fire.
   rC:        It makes you vulnerable to cold.
Wands
 s - a wand of digging (2)
 y - a wand of flame (29)
Scrolls
 c - 2 scrolls of fog
 d - 2 scrolls of teleportation
 g - a scroll of enchant armour {unknown}
 i - a scroll of immolation {unknown}
 o - a scroll of vulnerability {unknown}
 p - a scroll of magic mapping {unknown}
 t - 4 scrolls of silence {unknown}
 w - 2 scrolls of amnesia {unknown}
 B - 4 scrolls of brand weapon {unknown}
 E - a scroll of blinking {unknown}
 K - a scroll of enchant weapon {unknown}
 L - a scroll of identify
Potions
 e - 6 potions of curing
 j - 7 potions of flight
 l - 2 potions of attraction {unknown}
 v - 2 potions of mutation
 z - a potion of brilliance {unknown}
 G - 2 potions of magic
 I - a potion of berserk rage {unknown}
 J - a potion of lignification {unknown}


   Skills:
 - Level 5.0 Fighting
 - Level 4.0 Armour
 - Level 1.6 Dodging
 - Level 2.2 Stealth
 - Level 3.0 Spellcasting
 + Level 10.0 Conjurations
 - Level 5.0 Hexes
 - Level 2.0 Air Magic
 + Level 5.6 Poison Magic
 * Level 4.8 Invocations


You had 6 spell levels left.
You knew the following spells:

 Your Spells              Type           Power      Damage    Failure   Level
a - Magic Dart            Conj           100%       1d8       1%          1
b - Searing Ray           Conj           100%       2d8       1%          2
c - Fulminant Prism       Conj/Hex       23%        3d13      3%          4
d - Poisonous Vapours     Pois/Air       52%        N/A       2%          2

Your spell library contained the following spells:

 Spells                   Type           Power      Damage    Failure   Level
 Foxfire                  Conj/Fire      100%       2x1d9     1%          1
 Dazzling Flash           Conj/Hex       94%        N/A       1%          3
 Sting                    Tmut/Pois      80%        1d7       2%          1
 Conjure Flame            Conj/Fire      50%        6-21      3%          3
 Stone Arrow              Conj/Erth      66%        3d11      3%          3
 Tukima's Dance           Hex            33%        N/A       3%          3
 Beastly Appendage        Tmut           8%         N/A       8%          1
 Pain                     Necr           16%        1d4       8%          1
 Sandblast                Erth           8%         2d5       8%          1
 Spider Form              Tmut/Pois      20%        N/A       8%          3
 Olgreb's Toxic Radiance  Pois           37%        N/A       8%          4
 Inner Flame              Hex/Fire       28%        N/A       9%          3
 Flame Wave               Conj/Fire      50%        2d10      10%         4
 Iskenderun's Mystic Bla  Conj/Tloc      33%        2d8       10%         4
 Passwall                 Tmut/Erth      3%         N/A       12%         2
 Wereblood                Tmut           4%         N/A       12%         2
 Passage of Golubria      Tloc           4%         N/A       58%         4
 Yara's Violent Unravell  Hex/Tmut       9%         3d6       58%         5
 Agony                    Necr           4%         N/A       91%         5
 Excruciating Wounds      Necr           2%         N/A       91%         5


Dungeon Overview and Level Annotations

Branches:
Dungeon (9/15)             Temple (0/1) D:7         Ossuary (visited)
   Lair: D:8-11         Orc: D:9-12

Altars:
Cheibriados
Dithmenos
Elyvilon
Gozag
Makhleb
Nemelex Xobeh
Qazlal
Sif Muna
Uskayaw
Wu Jian
Yredelemnul
Zin

Annotations:
D:8 2 transporters, MrShunz's ghost, novice HOFi


Innate Abilities, Weirdness & Mutations

You are immune to sickness and miasma.
Your stone body is resilient. (AC +7)
You are immune to poison.
You resist negative energy. (rN+)
You are resistant to electric shocks. (rElec)
You are resistant to unholy torment.
You are immune to petrification.


Message History

Your Conjurations skill increases to level 10!
l - 2 fizzy silvery potions (gained 1) Magic restored.
Things that are here:
a +0 halberd; a +0 robe
Things that are here:
a +3 mace; a +0 robe You open the door.
There is an open door here.
There is an open door here.
A freezing wraith comes into view.
A freezing wraith is nearby!
Casting: Poisonous Vapours (safe; 2% risk of failure)
Confirm with . or Enter, or press ? or * to list all spells.
Aiming: Searing Ray (safe; 1% risk of failure)
Press: ? - help, Shift-Dir - straight line, f - freezing wraith
Aim: a freezing wraith (83% to hit)
The searing ray hits the freezing wraith.
The freezing wraith is lightly damaged. (Press . to maintain the ray.)
The freezing wraith hits you but does no damage.
The freezing wraith hits you!
The searing ray hits the freezing wraith.
The freezing wraith is lightly damaged.
The freezing wraith hits you. The freezing wraith freezes you!!
You feel a terrible chill! The freezing wraith closely misses you.
The searing ray hits the freezing wraith.
The freezing wraith is lightly damaged.
The freezing wraith hits you. The freezing wraith freezes you!!
You feel a terrible chill!
* * * LOW HITPOINT WARNING * * *
The freezing wraith hits you but does no damage.
Okay, then.
You feel much better. The freezing wraith barely misses you.
The freezing wraith hits you.
As you read the scroll of teleportation, it crumbles to dust.
You feel strangely unstable. The freezing wraith hits you.
The freezing wraith freezes you!!
You feel a terrible chill!
Ouch! That really hurt!
You die...

###...## .. #......#
##.# #.##.#.# #...
#.##.#.# #...
#....#.#### ####...####
#.#........
#.........####......####
#...................#
#......@..#######.###
####..W#### ### #...
#... ####


You could see a freezing wraith.

Vanquished Creatures
  A manticore (D:7)
  Psyche (D:8)
  A hornet (D:9)
  2 wyverns
  A water moccasin (D:7)
  An acid dragon (D:6)
  A necrophage (D:6)
  2 sky beasts
  2 black bears (D:6)
  A hornet zombie (D:4)
  An ogre (D:5)
  A wolf (D:8)
  3 centaurs
  A phantom (D:7)
  A bullfrog (D:6)
  An elf zombie (Ossuary)
  3 scorpions
  8 wights
  A howler monkey (D:5)
  2 jellies
  A bullfrog skeleton (D:5)
  A gnoll shaman (D:7)
  An iguana (D:6)
  Ijyb (D:4)
  Natasha (D:2)
  Terence (D:2)
  5 orc wizards
  2 killer bee zombies
  A hound zombie (Ossuary)
  4 mummies (Ossuary)
  Robin (D:2)
  7 adders
  3 gnolls (D:7)
  2 shadow imps
  4 white imps
  5 adder zombies (Ossuary)
  2 worms
  A dart slug (D:4)
  11 orcs
  10 ball pythons
  4 bats
  9 endoplasms
  3 giant cockroaches
  2 gnoll zombies (Ossuary)
  13 goblins
  11 hobgoblins
  4 jackals (D:1)
  5 quokkas
  3 frilled lizards (D:3)
  A goblin zombie (Ossuary)
  10 kobolds
  2 kobold zombies (Ossuary)
  4 rats
170 creatures vanquished.

Vanquished Creatures (others)
  11 fulminant prisms
11 creatures vanquished.

Grand Total: 181 creatures vanquished

Notes
Turn   | Place    | Note
-------+----------+-------------------------------------------
     0 | D:1      | MacCMillion the Gargoyle Conjurer began the quest for the
                  | Orb.
     0 | D:1      | Reached XP level 1. HP: 10/10 MP: 3/3
   246 | D:1      | Reached XP level 2. HP: 15/15 MP: 1/5
   249 | D:1      | Learned a level 2 spell: Searing Ray
   936 | D:1      | Reached XP level 3. HP: 19/19 MP: 4/6
  1411 | D:1      | Reached skill level 5 in Conjurations
  1692 | D:2      | Identified the +2 leather armour of Joy {Harm rPois rC+++
                  | MP-9}
  1751 | D:2      | Found a sparkling altar of Nemelex Xobeh.
  1939 | D:2      | Noticed Terence
  1991 | D:2      | Killed Terence
  1992 | D:2      | Reached skill level 1 in Hexes
  1992 | D:2      | Reached XP level 4. HP: 24/24 MP: 4/8
  2429 | D:2      | Noticed Natasha
  2437 | D:2      | Killed Natasha
  2453 | D:2      | Reached XP level 5. HP: 28/28 MP: 3/9
  2458 | D:2      | Learned a level 4 spell: Fulminant Prism
  2521 | D:2      | Noticed Robin
  2554 | D:2      | Killed Robin
  2735 | D:2      | Found a faded altar of an unknown god.
  2918 | D:3      | Identified the +1 robe "Vatzae" {Int+2}
  2958 | D:3      | Found a shadowy altar of Dithmenos.
  3092 | D:3      | Identified the +5 dagger of Guile {freeze, SInv}
  3098 | D:3      | Found a white marble altar of Elyvilon.
  3098 | D:3      | Found an ornate altar of the Wu Jian Council.
  3346 | D:3      | Reached skill level 6 in Conjurations
  3917 | D:4      | Noticed Ijyb
  3933 | D:4      | Killed Ijyb
  4200 | D:5      | Entered Level 5 of the Dungeon
  4262 | D:4      | Reached XP level 6. HP: 22/32 MP: 4/10
  4376 | D:4      | Found a stormy altar of Qazlal.
  4523 | D:4      | Reached skill level 7 in Conjurations
  4588 | D:4      | Found a hide-covered altar of Uskayaw.
  5034 | D:5      | Reached XP level 7. HP: 26/36 MP: 6/11
  5071 | D:4      | Reached skill level 8 in Conjurations
  5686 | D:5      | Found a glowing silver altar of Zin.
  5688 | D:5      | Found a basalt altar of Yredelemnul.
  5689 | D:5      | Found an opulent altar of Gozag.
  5690 | D:5      | Found a snail-covered altar of Cheibriados.
  5691 | D:5      | Found a shimmering blue altar of Sif Muna.
  5693 | D:5      | Found a burning altar of Makhleb.
  5698 | D:5      | Became a worshipper of Sif Muna the Loreminder
  5876 | D:5      | Learned a level 2 spell: Poisonous Vapours
  5884 | D:6      | Reached skill level 5 in Hexes
  5884 | D:6      | Reached XP level 8. HP: 37/42 MP: 6/12
  5944 | D:6      | Reached skill level 1 in Poison Magic
  6103 | D:6      | Reached skill level 1 in Fighting
  6854 | D:6      | Reached skill level 1 in Armour
  7453 | D:7      | Found a sand-covered staircase.
  7462 | Ossuary  | Entered an ossuary
  7483 | Ossuary  | Reached * piety under Sif Muna
  7484 | Ossuary  | Reached XP level 9. HP: 52/52 MP: 3/13
  7486 | Ossuary  | Reached skill level 9 in Conjurations
  8332 | D:7      | Noticed a manticore
  8592 | D:7      | Found a staircase to the Ecumenical Temple.
  9159 | D:7      | Found a staircase to the Ecumenical Temple.
  9285 | D:7      | Killed a manticore
  9286 | D:7      | Reached skill level 1 in Air Magic
  9286 | D:7      | Reached skill level 1 in Invocations
  9810 | D:8      | Noticed Psyche
  9896 | D:8      | Noticed MrShunz's ghost (novice HOFi)
  9902 | D:8      | Found a transporter.
  9926 | D:8      | Noticed a moth of wrath
  9938 | D:8      | Found a transporter.
  9966 | D:8      | Killed Psyche
  9967 | D:8      | Reached skill level 5 in Fighting
  9967 | D:8      | Reached skill level 5 in Poison Magic
 10246 | D:8      | Identified the ring of the Little Devil {Fire Int+4}
 10591 | D:9      | Reached XP level 10. HP: 50/59 MP: 14/14
 10763 | D:9      | Reached skill level 10 in Conjurations
 10864 | D:9      | HP: 1/59 [freezing wraith[a death knight] (22)]
 10866 | D:9      | Slain by a freezing wraith

Illustrated notes

Levels and vault maps discovered:
D:1:      lemuel_arrival_tunnels, layout_loops_corners
D:2:      layout_basic, basic_altar, basic_ecumenical_altar, uniq_robin,
          uniq_terence, uniq_natasha
D:3:      layout_rooms, jmf_multi_god_temple, mainiacjoe_overflow_catwalk
D:4:      layout_loops_corners, marbit_many_paths,
          nicolae_qazlal_general_emergency, uniq_ijyb
D:5:      layout_cave_pools, minitemple, minmay_between
D:6:      layout_gridville
D:7:      layout_cave_pools, minmay_temple_entry_butterflies,
          nicolae_ossuary_entry_monument, nicolae_underground_beach
D:8:      layout_loops_ring, gammafunk_ghost_berserking_beasts, uniq_psyche,
          uniq_grum
D:9:      layout_loops_corners, ashenzari_altar_1, dpeg_lair_monsters,
          zombieorc2_lemuel, uniq_erica

Skill      XL: |  1  2  3  4  5  6  7  8  9 10 |
---------------+-------------------------------+-----
Conjurations   | 5 6 7 8 9 10 | 10.0
Spellcasting   | 3 |  3.0
Hexes          | 1 2 3 5 |  5.0
Poison Magic   | 3 5 |  5.6
Fighting       | 3 5 |  5.0
Armour         | 2 4 |  4.0
Air Magic      | 2 |  2.0
Invocations    | 3 4 |  4.8
Dodging        | |  1.6
Stealth        | |  2.2

Action                   |  1- 3 |  4- 6 |  7- 9 | 10-12 || total
-------------------------+-------+-------+-------+-------++-------
Melee: Short sword       |    37 |       |       |       ||    37
       Dagger            |     2 |    25 |    46 |       ||    73
 Cast: Magic Dart        |    51 |    90 |    72 |       ||   213
       Searing Ray       |     2 |    10 |    50 |     4 ||    66
       Fulminant Prism   |       |       |    10 |     1 ||    11
       Poisonous Vapours |       |       |     1 |     3 ||     4
  Use: Scroll            |       |       |     7 |     1 ||     8
       Potion            |       |       |     2 |     1 ||     3
 Stab: Sleeping          |     1 |     2 |       |       ||     3
Armor: Robe              |    22 |    20 |    38 |     2 ||    82
       Acid dragon scale |       |       |    28 |       ||    28
Dodge: Dodged            |    28 |    35 |    80 |     5 ||   148
